 Dungeon Crawl Stone Soup version 0.17.1-1-g73c8601 (webtiles) character file.

16 terkiey the Sneak (level 2, -1/22 HPs)
             Began as a Naga Wizard on Dec 27, 2015.
             Slain by Ijyb
             ... wielding a +5 vampiric dagger
              (2 damage)
             ... on level 2 of the Dungeon.
             The game lasted 00:07:02 (717 turns).

terkiey the Sneak (Naga Wizard)                      Turns: 717, Time: 00:07:03

Health: -1/22      AC:  2    Str:  9    XL:     2   Next: 58%
Magic:  1/6        EV:  9    Int: 18    God:
Gold:   78         SH:  0    Dex:  9    Spells: 1 memorised, 6 levels left

rFire  . . .     SeeInvis +     j - +0 dagger (holy)
rCold  . . .     Clarity  .     a - +1 robe
rNeg   . . .     SustAt   .     (no shield)
rPois  +         Gourm    .     b - +0 hat
rElec  .         Spirit   .     (no cloak)
rCorr  .         Warding  .     (no gloves)
rMut   .         Stasis   .     (no barding)
MR     .....                    (no amulet)
Stlth  ++........               (no ring)
                                m - ring of see invisible

@: short of breath, very slow, not resistant to hostile enchantments, unstealthy
A: see invisible, deformed body, poison resistance, slowness 2, slow metabolism
1, spit poison 2, AC +0
a: Spit Poison


You were on level 2 of the Dungeon.
You were not hungry.

You visited 1 branch of the dungeon, and saw 2 of its levels.

You collected 78 gold pieces.

Inventory:

Hand Weapons
 f - a +0 whip
 j - a +0 dagger of holy wrath (weapon)
Armour
 a - a +1 robe (worn)
 b - a +0 hat (worn)
Jewellery
 m - a ring of see invisible (left hand)
Scrolls
 e - 2 scrolls of identify
 i - 2 scrolls of enchant armour
 o - 2 scrolls of teleportation
Potions
 h - a potion of curing {unknown}
Books
 c - a book of Minor Magic

   Spells                             Type                      Level
   a - Magic Dart                     Conjuration                  1
   b - Blink                          Translocation                2
   c - Call Imp                       Summoning                    2
   d - Repel Missiles                 Charms/Air                   2
   e - Slow                           Hexes                        2
   f - Conjure Flame                  Conjuration/Fire             3
   g - Mephitic Cloud                 Conjuration/Poison/Air       3
Comestibles
 d - a bread ration
 k - a meat ration
 n - a slice of pizza


   Skills:
 - Level 1.5 Dodging
 - Level 3.0 Stealth
 - Level 3.0 Spellcasting
 + Level 2.4 Conjurations
   Level 1.0 Summonings
   Level 1.0 Translocations


You had 6 spell levels left.
You knew the following spells:

 Your Spells              Type           Power        Failure   Level  Hunger
a - Magic Dart            Conj           ##..         8%          1    None


Dungeon Overview and Level Annotations

Branches:
Dungeon (2/15)

Altars:

Annotations:
D:2 Ijyb


Innate Abilities, Weirdness & Mutations

You cannot wear boots.
Your serpentine skin is tough (AC +0).
You have supernaturally acute eyesight.
Armour fits poorly on your strangely shaped body.
Your system is resistant to poisons.
You cover ground very slowly.
You have a slow metabolism.
You can spit poison.


Message History

* * * LOW HITPOINT WARNING * * *
Ijyb draws strength from your injuries!
You have got your breath back.
Press: ? - help, Shift-Dir - straight line, f/p - Ijyb
Aim: Ijyb, wielding a vampiric dagger and wearing a leather armour (lightly wounded)
The splash of poison misses Ijyb.
You feel slightly more hungry. Ijyb hits you with a vampiric dagger.
* * * LOW HITPOINT WARNING * * *
Ijyb hits you with a vampiric dagger.
* * * LOW HITPOINT WARNING * * *
Ijyb draws strength from your injuries!
Okay, then.
You have got your breath back.
Ijyb screams, "You nasty!
Big nasty!"
Ijyb barely misses you.
Press: ? - help, Shift-Dir - straight line, f/p - Ijyb
Aim: Ijyb, wielding a vampiric dagger and wearing a leather armour (lightly wounded)
The splash of poison misses Ijyb.
You feel slightly more hungry. Ijyb hits you with a vampiric dagger.
You die...

#### # ..# ..
#.# #.##.####
#.......###
#......#
#.####g##.#.#
.#
#.....@##.#
##.##
######.#..#
P... #.#.##
.PP## #.#.#
....# #....
.P.P♣.. ###.#
≈≈≈..... #.#
§≈≈♣.... #.#
♣≈≈≈≈.. #..


You could see Ijyb.

Vanquished Creatures
  2 giant cockroaches (D:1)
  4 hobgoblins (D:1)
  4 bats (D:1)
  3 goblins (D:1)
  A kobold (D:1)
  2 rats (D:1)
16 creatures vanquished.

Notes
Turn   | Place    | Note
--------------------------------------------------------------
     0 | D:1      | terkiey the Naga Wizard began the quest for the Orb.
     0 | D:1      | Reached XP level 1. HP: 15/15 MP: 4/4
   178 | D:1      | Reached XP level 2. HP: 19/22 MP: 6/6
   702 | D:2      | Noticed Ijyb
   714 | D:2      | HP: 1/22 [Ijyb/vampiric dagger (1)]
   717 | D:2      | Slain by Ijyb

Action                   || total
-------------------------++-------
Melee: Whip              ||    22
       Dagger            ||    12
 Cast: Magic Dart        ||    11
 Abil: Spit Poison       ||    13
  Use: Scroll            ||     6
 Stab: Sleeping          ||     2
